 Dungeon Crawl Stone Soup version 0.31-a0-544-gceb718ecc6 (webtiles) character file.

Game seed: 12775703725449975524

10 heikuro the Shield-Bearer (level 2, -1/2 HPs)
             Began as a Formicid Fighter on Aug 15, 2023.
             Slain by a kobold
             ... wielding a +0 whip
              (3 damage)
             ... on level 1 of the Dungeon.
             The game lasted 00:00:52 (222 turns).

heikuro the Shield-Bearer (Formicid Fighter)         Turns: 222, Time: 00:00:53

Health: -1/2       AC:  0    Str: 20    XL:     2   Next: 30%
Magic:  2/2        EV:  9    Int:  7    God:
Gold:   10         SH:  0    Dex: 13    Spells: 1/1 levels left

rFire   . . .        a - melded +0 war axe
rCold   . . .        c - melded +0 buckler
rNeg    . . .        b - +0 scale mail
rPois   .            (helmet unavailable)
rElec   .            (no cloak)
rCorr   .            e - melded +0 pair of gloves
SInv    +            (no boots)
Will    .....        (no amulet) Stlth
                     (no ring)
HPRegen 0.20/turn    (no ring)
MPRegen 0.08/turn

%: no passive effects
@: blade hands
A: reduced hp, permanent stasis, dig shafts and tunnels, antennae 3, four strong
arms
a: Dig, Shaft Self, Begin Untransformation


You were on level 1 of the Dungeon.
You had blades for hands.
You visited 1 branch of the dungeon, and saw 1 of its levels.

You collected 10 gold pieces.

Inventory:

Hand Weapons
 a - a +0 war axe (melded)
Armour
 b - a +0 scale mail (worn)
 c - a +0 buckler (melded)
 e - a +0 pair of gloves (melded)
Talismans
 i - a blade talisman (active)
Scrolls
 f - 2 scrolls of identify {unknown}
 h - a scroll of revelation {unknown}
Potions
 d - a potion of might
 g - a potion of lignification {unknown}
 j - a potion of haste {unknown}


   Skills:
 + Level 3.4 Fighting
 * Level 2.3 Axes
 + Level 3.4 Armour
 + Level 4.2 Shields


You had one spell level left.
You didn't know any spells.
Your spell library was empty.

Dungeon Overview and Level Annotations

Branches:
Dungeon (1/15)

Altars:


Innate Abilities, Weirdness & Mutations

You have blades for hands.
Your maximum health is decreased, since you lack skill for your form.
Your spellcasting is less reliable in this form.
You are incapable of wielding weapons or throwing items.
You cannot be hasted, slowed, berserked, paralysed or teleported.
You can dig through walls and to a lower floor.
You have a pair of large antennae on your head. (SInv)
Your four strong arms can wield two-handed weapons with a shield.


Message History

The bat barely misses you.
The ball python bites you but does no damage.
The ball python grabs you. The ball python constricts you.
The bat closely misses you.
You hit the ball python.
You kill the ball python!
You closely miss the bat. The bat hits you. The bat closely misses you.
You slash the bat!
You kill the bat!
No target in view!
No target in view!
No target in view!
No target in view!
Found a blade talisman.
You see here a bat corpse.
A kobold comes into view. It is wielding a +0 whip.
The kobold shouts!
There are no items here.
You see here a scroll labelled ZAUDALEFRU.
h - a scroll labelled ZAUDALEFRU The kobold attacks as you move away!
The kobold completely misses you.
You slash the kobold!
You kill the kobold!
No target in view!
No target in view!
You see here a blade talisman.
i - a blade talisman You begin transforming.
You continue transforming. x3
Your hands turn into razor-sharp scythe blades.
Your +0 war axe melds into your body.
Your +0 pair of gloves melds into your body.
Your +0 buckler melds into your body.
HP restored.
j - a fuming white potion
f - 2 scrolls labelled USOUVYNIRU (gained 1)
You sense a monster nearby.
A kobold comes into view. It is wielding a +0 whip.
The kobold shouts!
The kobold hits you with a +0 whip.
Ouch! That really hurt!
You die...

#.#........
#..........
#####......
#...#......
#.#........ ##
#.#........ #.
#..........
##.###
###........
#.K@.#
#......####
####.# ###....#
#.# #.###....#
#.# #........#
###.#########.##
#.............#
#.#.###########
#.#.....#
#.#####.#


You could see a kobold.

Vanquished Creatures
  A ball python (D:1)
  An endoplasm (D:1)
  A giant cockroach (D:1)
  2 hobgoblins (D:1)
  A bat (D:1)
  A frilled lizard (D:1)
  3 kobolds (D:1)
10 creatures vanquished.

Notes
Turn   | Place    | Note
-------+----------+-------------------------------------------
     0 | D:1      | heikuro the Formicid Fighter began the quest for the Orb.
     0 | D:1      | Reached XP level 1. HP: 18/18 MP: 1/1
   109 | D:1      | Reached XP level 2. HP: 24/24 MP: 2/2
   222 | D:1      | Slain by a kobold

Illustrated notes

Levels and vault maps discovered:
D:1:      erik_arrival_blinker_ship, layout_basic

Action                     || total
---------------------------++-------
  Melee: War axe           ||    20
 Armour: Scale mail        ||    14
  Dodge: Dodged            ||    16
  Block: Buckler           ||     8
   Form: Blade             ||     1

Table legend: (Time is in decaauts)
 A = Elapsed time spent in this place.
 B = Non-inter-level travel time spent in this place.
 C = Inter-level travel time spent in this place.
 D = Time resting spent in this place.
 E = Time spent auto-exploring this place.
 F = Levels seen in this place.
 G = Mean time per level.
                   A        B        C        D        E       F      G
               +--------+--------+--------+--------+--------+-----+--------+
         Total |    230 |    230 |      0 |      0 |    132 |   1 |  230.0 |
       Dungeon |    230 |    230 |      0 |      0 |    132 |   1 |  230.0 |
               +--------+--------+--------+--------+--------+-----+--------+

Top non-repeatable levels by time:
     D:1: 230 daAuts
